 Dungeon Crawl Stone Soup version 0.18.1-8-gdd0e5ea (webtiles) character file.

8416 Shtopit the Cleaver (level 11, -7/97 HPs)
             Began as a Hill Orc Fighter on May 30, 2016.
             Was a Believer of Elyvilon.
             Killed from afar by a raiju (12 damage)
             ... with a living lightning
             ... on level 2 of the Abyss.
             The game lasted 00:40:22 (10915 turns).

Shtopit the Cleaver (Hill Orc Fighter)             Turns: 10915, Time: 00:40:23

Health: -7/97      AC: 24    Str: 23    XL:     11   Next: 30%
Magic:  16/16      EV:  4    Int:  8    God:    Elyvilon [**....]
Gold:   1568       SH: 12    Dex: 10    Spells: 0 memorised, 10 levels left

rFire  + . .     SeeInvis .     a - +1 war axe
rCold  . . .     Gourm    .     k - +0 crystal plate armour
rNeg   . . .     Faith    .     c - +0 shield
rPois  .         Spirit   .     n - +0 helmet
rElec  .         Dismiss  .     x - +1 cloak
rCorr  +         Reflect  .     (no gloves)
SustAt .         Harm     .     g - +0 pair of boots
MR     .....                    (no amulet)
Stlth  ..........               o - ring of resist corrosion
                                u - ring of protection from fire

@: not resistant to hostile enchantments, extremely unstealthy
A: no striking features
a: Lesser Healing, Heal Other, Divine Protection, Renounce Religion


You were on level 2 of the Abyss.
You worshipped Elyvilon.
Elyvilon was pleased with you.
You were not hungry.

You visited 2 branches of the dungeon, and saw 12 of its levels.
You visited the Abyss 1 time.
You also visited: Bailey.

You collected 1568 gold pieces.

Inventory:

Hand Weapons
 a - a +1 war axe (weapon)
 m - a +1 triple crossbow of flaming
 M - a +0 blowgun
 T - a +0 spear
 W - a +2 morningstar of holy wrath
 Y - a +0 hand crossbow
Missiles
 N - 42 poisoned needles
 O - 115 stones (quivered)
Armour
 c - a +0 shield (worn)
 g - a +0 pair of boots (worn)
 k - a +0 crystal plate armour (worn)
 n - a +0 helmet (worn)
 x - a +1 cloak (worn)
Rods
 b - a +2 iron rod (16/16)
   (You took it off an orc on level 8 of the Dungeon)
Jewellery
 o - a ring of resist corrosion (right hand)
 u - a ring of protection from fire (left hand)
 y - an uncursed ring of stealth
 E - an uncursed amulet of magic regeneration
 L - the ring of Fallacy {*Tele +Inv SInv}
   (You found it on level 9 of the Dungeon)

   [ring of teleportation]

   It may teleport you next to monsters.
   It lets you see invisible.
   It lets you turn invisible.
 X - an uncursed ring of see invisible {unknown}
Wands
 d - a wand of iceblast (3/15)
 q - a wand of flame (15/48)
 D - a wand of confusion (28/48)
 I - a wand of flame (13/48)
 Z - a wand of acid (6/15)
Scrolls
 e - 2 scrolls of identify
 i - a scroll of recharging
 j - 4 scrolls of remove curse
 r - 2 scrolls of enchant weapon
 s - a scroll of vulnerability {unknown}
 v - 2 scrolls of silence {unknown}
 B - a scroll of amnesia
 G - a scroll of noise {unknown}
 H - 2 scrolls of fog {unknown}
 K - 2 scrolls of immolation {unknown}
 Q - 2 scrolls of teleportation {unknown}
Potions
 h - a potion of curing
 p - a potion of resistance
 t - a potion of ambrosia
 z - a potion of brilliance {unknown}
 A - a potion of beneficial mutation {unknown}
 F - a potion of magic {unknown}
 J - a potion of lignification {unknown}
 P - 2 potions of haste {unknown}
 R - a potion of agility {unknown}
Books
 S - a book of Annihilations

   Spells                             Type                      Level
   a - Poison Arrow                   Conjuration/Poison           6
   b - Chain Lightning                Conjuration/Air              8
   c - Lehudib's Crystal Spear        Conjuration/Earth            8
   d - Glaciate                       Conjuration/Ice              9
   e - Fire Storm                     Conjuration/Fire             9
Comestibles
 f - 6 bread rations
 l - 5 meat rations
 w - a beef jerky
 C - 32 fruits
 U - a royal jelly


   Skills:
 + Level 9.3 Fighting
 + Level 10.8 Axes
 + Level 8.4 Armour
 + Level 3.5 Dodging
 - Level 0.6 Stealth
 + Level 10.4 Shields
 * Level 6.8 Invocations
 + Level 0.2 Evocations


You had 10 spell levels left.
You didn't know any spells.

Dungeon Overview and Level Annotations

Branches:
Dungeon (11/15)            Temple (1/1) D:4            Lair (0/8) D:10
    Orc (0/2) D:11

Altars:
Ashenzari
Cheibriados
Dithmenos
Elyvilon
Fedhas
Gozag
Kikubaaqudgha
Nemelex Xobeh
Okawaru
Pakellas
Qazlal
Ru
Sif Muna
Trog
Vehumet
Xom
Yredelemnul
Zin
The Shining One

Shops:
D:4 (   D:9 !


Message History

The raiju bursts into living lightning!
The living lightning hits you!
The raiju blinks!
The raiju bursts into living lightning!
The living lightning hits you!
The living lightning hits the raiju.
The raiju completely resists.
The living lightning hits the raiju.
The raiju completely resists.
The living lightning hits you!
The raiju blinks!
The raiju bursts into living lightning!
The living lightning hits you!
The raiju blinks!
The raiju bursts into living lightning!
The living lightning hits you!
* * * LOW HITPOINT WARNING * * *
The raiju blinks!
The raiju bursts into living lightning!
The living lightning hits you!
* * * LOW HITPOINT WARNING * * *
The raiju blinks!
The raiju bites you but does no damage.
The raiju bursts into living lightning!
The living lightning hits you!
You die...

.. .... #.. ...
#.. ... . ##.#
##.## .
##...###...##.##
#.....#.....#...
........h.h.....
#@....# ..
##...## . #.
##.## . #
...###.h.##.#.
....#.....#..# .
.....h§....#
#.....#.....##
#...###...##
##.# ##.##


You could see 3 raiju.

Vanquished Creatures
  Pikel (D:4)
  A komodo dragon (D:10)
  A troll (D:10)
  A two-headed ogre (D:9)
  A spriggan (D:5)
  A wyvern (D:10)
  6 yaks
  A hungry ghost (D:10)
  A hippogriff (D:6)
  Edmund (D:4)
  Grum (D:9)
  A sky beast (D:6)
  A slave (D:4)
  2 ice beasts
  4 orc warriors
  A necrophage (D:9)
  3 phantoms
  2 wolves (D:9)
  5 ogres
  2 crocodiles
  7 big kobolds
  3 giant frogs
  7 gnoll sergeants (Bailey)
  A water moccasin skeleton (D:4)
  4 scorpions
  6 killer bees
  A howler monkey (D:6)
  2 crimson imps
  3 centaur zombies
  9 hounds
  10 orc wizards
  5 jellies
  3 giant frog skeletons
  5 gnoll shamans
  7 orc priests
  4 iguanas
  Terence (D:3)
  5 worker ants
  3 worker ant zombies
  Robin (D:2)
  12 adders
  16 gnolls
  A howler monkey skeleton (D:4)
  4 shadow imps
  2 oozes
  2 adder skeletons
  2 worms
  3 dart slugs
  8 giant geckos
  39 orcs
  A ball python (D:2)
  4 bats
  7 giant cockroaches
  17 goblins
  11 hobgoblins
  5 jackals
  4 quokkas
  A giant gecko skeleton (D:6)
  5 giant newts
  30 kobolds
  A quokka skeleton (D:9)
  6 rats
305 creatures vanquished.

Vanquished Creatures (others)
  2 slaves (D:4)
  A swamp drake (D:10)
  A scorpion (D:7)
  A hound (D:4)
  2 iguanas (D:10)
  2 adders (D:7)
  A quokka (D:7)
  A kobold (D:9)
11 creatures vanquished.

Grand Total: 316 creatures vanquished

Notes
Turn   | Place    | Note
--------------------------------------------------------------
     0 | D:1      | Shtopit the Hill Orc Fighter began the quest for the Orb.
     0 | D:1      | Reached XP level 1. HP: 19/19 MP: 1/1
   191 | D:1      | Reached XP level 2. HP: 27/27 MP: 2/2
   834 | D:2      | Noticed Robin
   868 | D:2      | Reached XP level 3. HP: 27/33 MP: 3/3
   875 | D:2      | Killed Robin
  1013 | D:2      | Found an opulent altar of Gozag.
  1291 | D:2      | Reached XP level 4. HP: 36/40 MP: 4/4
  1628 | D:2      | Found a shimmering altar of Xom.
  1718 | D:3      | Noticed Terence
  1734 | D:3      | Killed Terence
  1734 | D:3      | Reached skill level 1 in Dodging
  1734 | D:3      | Reached XP level 5. HP: 39/46 MP: 5/5
  1735 | D:3      | Found a shattered altar of Ashenzari.
  2408 | D:4      | Noticed Edmund
  2433 | D:4      | Noticed a slave
  2449 | D:4      | Killed Edmund
  2449 | D:4      | Reached skill level 5 in Shields
  2449 | D:4      | Reached XP level 6. HP: 25/53 MP: 6/6
  2463 | D:4      | Killed a slave
  2469 | D:4      | Noticed Pikel
  2470 | D:4      | Noticed a slave
  2473 | D:4      | Noticed a slave
  2474 | D:4      | Noticed a slave
  2483 | D:4      | Killed Pikel
  2483 | D:4      | Reached skill level 5 in Fighting
  2483 | D:4      | Reached skill level 5 in Axes
  2483 | D:4      | Reached skill level 5 in Armour
  2483 | D:4      | Reached XP level 7. HP: 17/61 MP: 7/7
  2488 | D:4      | Reached XP level 8. HP: 20/69 MP: 8/8
  2746 | D:4      | Found Cirrel's Weapon Emporium.
  2956 | D:4      | Found a staircase to the Ecumenical Temple.
  3002 | Temple   | Entered the Ecumenical Temple
  3087 | Temple   | Became a worshipper of Elyvilon the Healer
  3304 | D:4      | Found a basalt altar of Yredelemnul.
  3335 | D:4      | Found a sparkling altar of Nemelex Xobeh.
  3340 | D:4      | Found an iron altar of Okawaru.
  3446 | D:5      | Entered Level 5 of the Dungeon
  3525 | D:5      | Found an opulent altar of Gozag.
  3760 | D:5      | Noticed a spriggan
  3786 | D:5      | Killed a spriggan
  3787 | D:5      | Noticed a spriggan
  4075 | D:5      | Found a shimmering altar of Xom.
  4208 | D:6      | Reached XP level 9. HP: 78/78 MP: 9/9
  4374 | D:6      | Reached * piety under Elyvilon
  4538 | D:6      | Found a radiant altar of Vehumet.
  4644 | D:6      | Found a blossoming altar of Fedhas.
  4646 | D:6      | Found an ancient bone altar of Kikubaaqudgha.
  4696 | D:6      | Found a bloodstained altar of Trog.
  5375 | D:7      | Found a flagged portal.
  5389 | Bailey   | Entered a bailey
  5550 | Bailey   | Reached skill level 1 in Invocations
  5917 | Bailey   | HP: 3/79 [gnoll sergeant/halberd (6)]
  6274 | Bailey   | Reached XP level 10. HP: 78/88 MP: 11/11
  6363 | Bailey   | Gained mutation: You are occasionally teleported next to monsters. [potion of mutation]
  6363 | Bailey   | Gained mutation: Your flesh is cold resistant. [potion of mutation]
  6363 | Bailey   | Gained mutation: Your muscles are strong. (Str +2) [potion of mutation]
  6898 | D:7      | Noticed a cyclops
  7206 | D:8      | Lost mutation: Your flesh is cold resistant. [potion of cure mutation]
  7206 | D:8      | Lost mutation: You are occasionally teleported next to monsters. [potion of cure mutation]
  7206 | D:8      | Lost mutation: Your muscles are strong. (Str +2) [potion of cure mutation]
  7207 | D:8      | Gained mutation: You are weak. (Str -2) [potion of mutation]
  7207 | D:8      | Gained mutation: Your body sometimes deteriorates upon taking damage. [potion of mutation]
  7207 | D:8      | Gained mutation: Your movements are slightly less encumbered by armour (ER -2). [potion of mutation]
  7208 | D:8      | Lost mutation: Your body sometimes deteriorates upon taking damage. [potion of cure mutation]
  7208 | D:8      | Lost mutation: You are weak. (Str -2) [potion of cure mutation]
  7208 | D:8      | Lost mutation: Your movements are slightly less encumbered by armour (ER -2). [potion of cure mutation]
  7697 | D:9      | Noticed Grum
  7720 | D:9      | Killed Grum
  7928 | D:9      | Found Yrhif's Distillery.
  8001 | D:9      | Reached ** piety under Elyvilon
  8109 | D:9      | Reached skill level 5 in Invocations
  8304 | D:9      | Got a twitching platinum ring
  8306 | D:9      | Identified the ring of Fallacy {*Tele +Inv SInv} (You found it on level 9 of the Dungeon)
  8658 | D:10     | Entered Level 10 of the Dungeon
  8709 | D:10     | Noticed a hill giant
  8729 | D:9      | Reached skill level 10 in Axes
  9386 | D:10     | Reached skill level 10 in Shields
  9386 | D:10     | Reached XP level 11. HP: 51/97 MP: 15/15
  9877 | D:10     | Found a staircase to the Lair.
 10512 | D:11     | Found a deep blue altar of Sif Muna.
 10683 | D:11     | Found a staircase to the Orcish Mines.
 10758 | D:11     | Noticed a wizard
 10766 | D:11     | Cast into level 2 of the Abyss (a wizard)
 10834 | Abyss:2  | Noticed a starcursed mass
 10865 | Abyss:2  | Noticed a worldbinder
 10913 | Abyss:2  | HP: 4/97 [raiju/living lightning (16)]
 10915 | Abyss:2  | Killed from afar by a raiju

Skill      XL: |  1  2  3  4  5  6  7  8  9 10 11 |
---------------+----------------------------------+-----
Fighting       | 4 5 6 7 9 |  9.3
Axes           | 3 4 5 7 8 10 | 10.8
Shields        | 4 5 6 7 8 10 | 10.4
Armour         | 4 5 7 8 |  8.4
Dodging        | 1 2 3 |  3.5
Invocations    | 2 5 6 |  6.8
Stealth        | |  0.6
Evocations     | |  0.2

Action                   |  1- 3 |  4- 6 |  7- 9 | 10-12 || total
-------------------------+-------+-------+-------+-------++-------
Melee: War axe           |    94 |   209 |   476 |   559 ||  1338
Throw: Stone             |       |       |     4 |     1 ||     5
Invok: Lesser Healing    |       |       |     7 |     1 ||     8
       Heal Other        |       |       |       |     9 ||     9
Evoke: Wand              |       |       |       |     2 ||     2
       Rod               |       |       |       |     2 ||     2
  Use: Potion            |       |     2 |     5 |     5 ||    12
       Scroll            |       |       |     8 |     7 ||    15
 Stab: Fleeing           |       |       |     1 |       ||     1
       Confused          |       |       |       |     1 ||     1
  Eat: Chunk             |     1 |     4 |    14 |    16 ||    35
       Meat ration       |       |       |       |     1 ||     1
       Bread ration      |       |       |       |     1 ||     1
       Royal jelly       |       |       |       |     1 ||     1
       Pizza             |       |       |       |     1 ||     1
Armor: Scale mail        |    44 |    35 |       |       ||    79
       Chain mail        |       |    79 |   235 |     9 ||   323
       Crystal plate arm |       |       |       |   431 ||   431
Dodge: Dodged            |    39 |    58 |   157 |   100 ||   354
Block: Shield            |    52 |   119 |   390 |   432 ||   993
